 Dungeon Crawl Stone Soup version 0.30.1-4-g462c640d31 (webtiles) character file.

Game seed: 18325723461498308433

2391 mortz the Magician (level 9, -1/55 HPs)
             Began as a Djinni Fire Elementalist on Sept 11, 2023.
             Was an Initiate of Hepliaklqana.
             Shot with a sling bullet by Joseph (11 damage)
             ... on level 7 of the Dungeon.
             The game lasted 00:41:44 (5801 turns).

mortz the Magician (Djinni Fire Elementalist)       Turns: 5801, Time: 00:41:45

Health: -1/55      AC: 11    Str:  7    XL:     9   Next: 74%
Gold:   241        EV: 12    Int: 22    God:    Hepliaklqana [......] SH:  0 Dex: 13

rFire   + + .        F - +1 falchion (protect)
rCold   x . .        (no shield)
rNeg    . . .        I - +0 steam dragon scales
rPois   ∞            B - +0 helmet
rElec   .            n - +1 cloak {rPois}
rCorr   .            E - +1 pair of gloves
SInv    .            (boots unavailable)
Will    .....        a - amulet of faith
Stlth   ++           (no ring)
HPRegen 0.29/turn    (no ring)
MPRegen 0.00/turn

%: faith, infuse magic (-2 HP)
@: flying
A: sickness immunity, fire resistance 2, cold vulnerability 1, float, innate
caster, HP casting, extra vitality 1
a: Renounce Religion


You were on level 7 of the Dungeon.
You worshipped Hepliaklqana.
Hepliaklqana was noncommittal.
You visited 2 branches of the dungeon, and saw 8 of its levels.
You also visited: Sewer.

You collected 383 gold pieces.
You spent 142 gold pieces at shops.

Inventory:

Hand Weapons
 g - a +0 short sword
 h - a +0 spear
 k - a +0 hand axe
 l - a +0 dagger
 p - a +0 hand axe of freezing
 s - a +0 rapier
 F - a +1 falchion of protection (weapon)
 M - a +1 vampiric hand axe
 P - a +1 flail of protection
 R - a +1 short sword of venom
 U - a +2 spear
Missiles
 H - 3 poisoned darts
Armour
 n - a +1 cloak of poison resistance (worn)
 B - a +0 helmet (worn)
 E - a +1 pair of gloves (worn)
 I - +0 steam dragon scales (worn)
 L - a +2 leather armour of fire resistance
 T - a +0 chain mail of cold resistance
Magical Staves
 Q - a staff of poison
Jewellery
 a - an amulet of faith (around neck)
 x - a ring of fire
Wands
 q - a wand of mindburst (11)
 J - a wand of acid (12)
 N - a wand of iceblast (10)
Scrolls
 b - 6 scrolls of teleportation
 c - a scroll of acquirement {unknown}
 d - 3 scrolls of butterflies {unknown}
 e - 2 scrolls of vulnerability
 i - a scroll of fog {unknown}
 o - a scroll of amnesia {unknown}
 t - 4 scrolls of enchant armour {unknown}
 v - 2 scrolls of fear {unknown}
 y - 3 scrolls of immolation {unknown}
 A - a scroll of poison {unknown}
 C - a scroll of enchant weapon {unknown}
 D - 2 scrolls of blinking {unknown}
 K - 2 scrolls of noise {unknown}
Potions
 f - a potion of mutation
 j - 3 potions of curing
 m - 6 potions of heal wounds
 r - 2 potions of berserk rage
 u - a potion of ambrosia
 w - a potion of haste
 z - a potion of attraction
 G - a potion of brilliance
 O - a potion of cancellation
 S - a potion of might {unknown}
 V - a potion of resistance {unknown}


   Skills:
 + Level 3.4 Long Blades
 + Level 3.8 Armour
 - Level 2.1 Dodging
 + Level 4.0 Stealth
 * Level 7.6 Spellcasting
 - Level 3.9 Evocations


You knew the following spells:

 Your Spells              Type           Power      Damage    Failure   Level
a - Foxfire               Conj/Fire      100%       2x1d9     1%          1
b - Scorch                Fire           82%        2d8       1%          2
c - Volatile Blastmotes   Fire/Tloc      82%        2d16      1%          3
d - Swiftness             Air            41%        N/A       1%          3
e - Flame Wave            Conj/Fire      41%        2d11      3%          4
f - Kiss of Death         Conj/Necr      100%       2d13      1%          1
g - Poisonous Vapours     Pois/Air       82%        N/A       1%          2
h - Hailstorm             Conj/Ice       41%        3d10      1%          3
i - Inner Flame           Hex/Fire       41%        N/A       1%          3
Your spell library was empty.

Dungeon Overview and Level Annotations

Branches:
Dungeon (7/15) Zot: 26806  Temple (1/1) D:6 Zot: 5825   Sewer (visited)

Altars:
Cheibriados
Elyvilon
Fedhas
Gozag
Hepliaklqana
Nemelex Xobeh
Okawaru
Qazlal
Ru
Uskayaw
Wu Jian
Xom
Yredelemnul
The Shining One

Shops:
D:3 (   D:4 [*

Annotations:
D:4 1 runed translucent door, Crazy Yiuf
D:7 Joseph


Innate Abilities, Weirdness & Mutations

You are immune to sickness and miasma.
You are immune to poison.
Your flesh is very heat resistant. (rF++)
You are vulnerable to cold. (rC-)
You float through the air rather than walking.
You learn spells naturally, not from books.
Your magical power is your life essence.
You have superior vitality. (+4 MHP)


Message History

Confirm with . or Enter, or press ? or * to list all spells.
Aiming: Inner Flame (safe; 1% risk of failure)
Press: ? - help, Dir - move target, f - Joseph, p - orc wizard
Aim: Joseph, wielding a +1 quarterstaff of draining and wearing a +0 leather armour (wandering, hasn't noticed you, chance to affect: 79%) Joseph shouts!
Joseph is filled with an inner flame.
The sky beast is engulfed in blazing flames.
The sky beast explodes!
Joseph unwields a +1 quarterstaff of draining.
Joseph wields a +0 sling of freezing.
It is covered in frost.
Joseph shoots a sling bullet.
The sling bullet hits you. The sling bullet freezes you.
You hear a shout! x2
Your Stealth skill increases to level 4!
You conjure some foxfire!
Joseph shoots a sling bullet.
The sling bullet hits you! The sling bullet freezes you.
You are too injured to fight recklessly!
Unknown command.
Casting: Foxfire (safe; 1% risk of failure)
Confirm with . or Enter, or press ? or * to list all spells.
You conjure some foxfire!
A troll comes into view.
The foxfire hits Joseph!
Flame seeps out of Joseph.
Joseph is lightly wounded.
Your foxfire dissipates!
Your foxfire dissipates!
You are too injured to fight recklessly!
Casting: Foxfire (safe; 1% risk of failure)
Confirm with . or Enter, or press ? or * to list all spells.
You conjure some foxfire!
Joseph shoots a sling bullet.
The sling bullet hits you!
* * * LOW HITPOINT WARNING * * *
The sling bullet freezes you.
* * * LOW HITPOINT WARNING * * *
Your foxfire dissipates!
The foxfire hits Joseph.
Flame seeps out of Joseph.
Joseph is moderately wounded.
Joseph is engulfed in blazing flames.
Flame seeps out of Joseph.
Joseph shoots a sling bullet.
The sling bullet hits you!
You die...

#.....#.# #.o§. o.#
.#.v. #.# ##@####.#
.....#.# #)##.#.#
#.T####○##§#.# ###
#.......@§.§.#### #.#
.####..#T...@.######.#
#.....###.##<....#
#.###.# #.##.#.#.# #.#
#.# #.##.#.#.# #.# #.#
#.##.#.#.# #.# #(#
#.##.#.#.#### #.# #.#
#....#.#....# #.# #.#
######.#.#### #.# #.#
#.#.#


You could see Joseph (inner flame) and a troll.

Vanquished Creatures
  Eustachio (D:4)
  A steam dragon (D:5)
  Menkaure (D:5)
  Edmund (D:6)
  2 ice beasts
  An ogre (D:4)
  2 sky beasts
  2 black bears (D:7)
  3 phantoms
  A bullfrog (D:6)
  3 wights (D:6)
  3 jellies
  3 hounds
  An orc priest (D:6)
  3 iguanas
  A sleepcap (D:3)
  Terence (D:2)
  4 orc wizards
  Natasha (thrice) (D:4)
  A hell rat (Sewer)
  4 gnolls (D:7)
  7 adders
  6 river rats
  A shadow imp (D:5)
  2 ufetubi
  A worm (D:4)
  2 dart slugs
  19 orcs
  5 ball pythons
  7 endoplasms
  4 giant cockroaches
  4 goblins
  4 hobgoblins
  5 jackals
  3 kobolds
  4 quokkas
  6 bats
  4 frilled lizards
  8 rats
134 creatures vanquished.

Vanquished Creatures (others)
  An adder (D:5)
  353 foxfires
354 creatures vanquished.

Grand Total: 488 creatures vanquished

Notes
Turn   | Place    | Note
-------+----------+-------------------------------------------
     0 | D:1      | mortz the Djinni Fire Elementalist began the quest for the
                  | Orb.
     0 | D:1      | mortz set off with the following spells memorised: Foxfire,
                  | Scorch, Volatile Blastmotes, Inner Flame, Flame Wave.
     0 | D:1      | Reached XP level 1. HP: 15/15 MP: 0/0
   184 | D:1      | Reached XP level 2. HP: 17/21 MP: 0/0
   334 | D:1      | Reached skill level 3 in Spellcasting
   573 | D:2      | Reached XP level 3. HP: 23/25 MP: 0/0
   573 | D:2      | Learned a level 1 spell: Kiss of Death
   631 | D:2      | Noticed Terence
   632 | D:2      | Found a blossoming altar of Fedhas.
   642 | D:2      | Killed Terence
   643 | D:2      | Reached XP level 4. HP: 25/31 MP: 0/0
  1283 | D:3      | Reached skill level 4 in Spellcasting
  1477 | D:3      | Found Falusm's Weapon Shop.
  1721 | D:3      | Reached XP level 5. HP: 33/35 MP: 0/0
  1721 | D:3      | Learned a level 2 spell: Poisonous Vapours
  1801 | D:4      | Found Nioxkuan's Antique Armour Boutique.
  1814 | D:3      | Reached skill level 1 in Evocations
  2051 | D:4      | Noticed a phantom
  2114 | D:4      | Found a runed translucent door.
  2115 | D:4      | Noticed Crazy Yiuf
  2134 | D:4      | Noticed a phantom
  2141 | D:4      | Killed a phantom
  2142 | D:4      | Reached XP level 6. HP: 31/40 MP: 0/0
  2301 | D:4      | Noticed an ogre
  2308 | D:4      | Killed an ogre
  2309 | D:4      | Reached skill level 5 in Spellcasting
  2337 | D:4      | Bought an embroidered cloak for 142 gold pieces
  2357 | D:4      | Reached XP level 7. HP: 35/45 MP: 0/0
  2357 | D:4      | Learned a level 3 spell: Hailstorm
  2464 | D:4      | Noticed Eustachio
  2628 | D:4      | Noticed Natasha
  2632 | D:4      | Killed Natasha
  2697 | D:4      | Found Miuserau's General Store.
  2827 | D:4      | Noticed Natasha
  2830 | D:4      | Killed Natasha
  2924 | D:4      | Killed Eustachio
  2925 | D:4      | Reached skill level 6 in Spellcasting
  2925 | D:4      | Reached XP level 8. HP: 46/50 MP: 0/0
  3035 | D:4      | Noticed Natasha
  3038 | D:4      | Killed Natasha
  3107 | D:5      | Entered Level 5 of the Dungeon
  3306 | D:5      | Reached skill level 1 in Armour
  3306 | D:5      | Noticed Menkaure
  3308 | D:5      | Killed Menkaure
  3309 | D:5      | Reached skill level 1 in Long Blades
  4151 | D:6      | Reached XP level 9. HP: 50/55 MP: 0/0
  4151 | D:6      | Learned a level 3 spell: Swiftness
  4207 | D:6      | Found a glowing drain.
  4300 | Sewer    | Entered a sewer
  4434 | D:6      | Noticed Edmund
  4442 | D:6      | Killed Edmund
  4443 | D:6      | Reached skill level 7 in Spellcasting
  4560 | D:6      | Found a staircase to the Ecumenical Temple.
  4587 | Temple   | Entered the Ecumenical Temple
  4756 | Temple   | Became a worshipper of Hepliaklqana the Forgotten
  5790 | D:7      | Noticed Joseph
  5793 | D:7      | Noticed a troll
  5801 | D:7      | Shot with a sling bullet by Joseph

Illustrated notes

Levels and vault maps discovered:
D:1:      saegor_arrival_under_anarchy, layout_rooms, minmay_cut_off
D:2:      layout_rooms, basic_altar, minmay_misc_feat_enclosed, uniq_terence
D:3:      layout_loops_ring, serial_shops, shop, minivault_11, corexii_shack
D:4:      layout_loops_ring, serial_shops, shop_statue,
          nicolae_shop_hallway_stairs, uniq_crazy_yiuf_cottage, uniq_eustachio,
          uniq_natasha
D:5:      layout_basic, guppyfry_early_lair_pool, uniq_menkaure
D:6:      layout_basic, minmay_temple_entry_statues, portal_sewer_entry_c,
          uniq_edmund
D:7:      layout_basic, serial_shops, nicolae_shop_real_fake_doors, uniq_joseph
Temple:   nicolae_temple_elliptical

Skill      XL: |  1  2  3  4  5  6  7  8  9 |
---------------+----------------------------+-----
Spellcasting   | 3 4 5 6 7 |  7.6
Evocations     | 2 3 |  3.9
Armour         | 2 3 |  3.8
Stealth        | 2 4 |  4.0
Long Blades    | 2 3 |  3.4
Dodging        | |  2.1

Action                     |  1- 3 |  4- 6 |  7- 9 || total
---------------------------+-------+-------+-------++-------
  Melee: Short sword       |     9 |       |       ||     9
         Unarmed           |     2 |       |       ||     2
         Dagger            |       |    12 |     6 ||    18
         Falchion          |       |       |    14 ||    14
         Punch             |       |       |     1 ||     1
   Cast: Foxfire           |    30 |    53 |   122 ||   205
         Scorch            |       |    21 |    58 ||    79
         Volatile Blastmot |       |       |     2 ||     2
         Inner Flame       |       |       |     9 ||     9
         Poisonous Vapours |       |       |     1 ||     1
         Hailstorm         |       |       |     1 ||     1
    Use: Scroll            |     1 |     4 |     6 ||    11
 Armour: Robe              |     3 |     4 |    11 ||    18
         Steam dragon scal |       |       |    12 ||    12
  Dodge: Dodged            |     4 |    17 |    49 ||    70
